 Dungeon Crawl Stone Soup version 0.31-a0-523-g071a6c1ffa (webtiles) character file.

Game seed: 14858213279490665352

236 Fodor the Covered (level 5, -4/47 HPs)
             Began as a Minotaur Fighter on Aug 11, 2023.
             Killed from afar by Ijyb (12 damage)
             ... with a bolt of acid
             ... on level 3 of the Dungeon.
             The game lasted 00:13:07 (2115 turns).

Fodor the Covered (Minotaur Fighter)                Turns: 2115, Time: 00:13:07

Health: -4/47      AC:  3    Str: 23    XL:     5   Next: 77%
Magic:  4/4        EV:  8    Int:  5    God:
Gold:   73         SH:  0    Dex:  7    Spells: 4/4 levels left

rFire   x . .        q - +0 scythe (freeze)
rCold   . . .        (shield currently unavailable)
rNeg    . . .        r - +0 chain mail
rPois   .            (helmet restricted)
rElec   .            (no cloak)
rCorr   .            m - +0 pair of gloves
SInv    .            (no boots)
Will    .....        (no amulet) Stlth
                     (no ring)
HPRegen 1.07/turn    (no ring)
MPRegen 0.09/turn

%: no passive effects
@: brilliant, corroded
A: horns 2, retaliatory headbutt, clumsy 1, regeneration 1, heat vulnerability
1, MP-powered wands
a: no special abilities


You were on level 3 of the Dungeon.
You visited 1 branch of the dungeon, and saw 3 of its levels.

You collected 105 gold pieces.
You spent 32 gold pieces at shops.

Inventory:

Hand Weapons
 g - a +2 mace of protection
 q - a +0 scythe of freezing (weapon)
Missiles
 o - 2 datura-tipped darts (quivered)
Armour
 c - a +0 buckler
 m - a +0 pair of gloves (worn)
 r - a +0 chain mail (worn)
Talismans
 k - a beast talisman
Scrolls
 h - 2 scrolls of fear {unknown}
 i - a scroll of poison {unknown}
 j - 3 scrolls of identify {unknown}
 l - a scroll of blinking {unknown}
 n - a scroll of vulnerability {unknown}
 p - 2 scrolls of teleportation {unknown}
Potions
 a - a potion of mutation
 d - a potion of might


   Skills:
 + Level 4.8 Fighting
 + Level 2.7 Long Blades
 + Level 3.8 Maces & Flails
 + Level 0.1 Polearms
 + Level 5.1 Armour
 + Level 0.2 Dodging
 + Level 0.2 Stealth
 + Level 4.3 Shields


You had 4 spell levels left.
You didn't know any spells.
Your spell library contained the following spells:

 Spells                   Type           Power      Damage    Failure   Level
 Sandblast                Erth           0%         2d4       96%         1
 Summon Small Mammal      Summ           0%         N/A       96%         1
 Momentum Strike          Conj/Tloc      0%         3d8       99%         2
 Wereblood                Tmut           0%         N/A       99%         2
 Call Canine Familiar     Summ           0%         N/A       100%        3
 Frozen Ramparts          Ice            0%         1d1       100%        3
 Gell's Gravitas          Tloc           0%         N/A       100%        3
 Ozocubu's Armour         Ice            0%         N/A       100%        3
 Summon Guardian Golem    Hex/Summ       0%         N/A       100%        3
 Teleport Other           Tloc           0%         N/A       100%        3
 Iskenderun's Mystic Bla  Conj/Tloc      0%         2d3       100%        4
 Petrify                  Tmut/Erth      0%         N/A       100%        4
 Metabolic Englaciation   Hex/Ice        0%         N/A       100%        5
 Yara's Violent Unravell  Hex/Tmut       0%         3d3       100%        5
 Dispersal                Tloc           0%         N/A       100%        6
 Ozocubu's Refrigeration  Ice            0%         4d7       100%        7


Dungeon Overview and Level Annotations

Branches:
Dungeon (3/15)

Altars:

Shops:
D:1 (   D:2 *

Annotations:
D:3 Ijyb


Innate Abilities, Weirdness & Mutations

You have a pair of horns on your head.
You reflexively headbutt those who attack you in melee.
You are clumsy. (Dex -2)
Your natural rate of healing is unusually fast.
You are vulnerable to heat. (rF-)
You expend magic power (3 MP) to strengthen your wands.


Message History

The quokka is moderately wounded.
The jackal barks!
You hear an angry hiss.
You hear a bark!
The quokka bites you. Ijyb hits you with a +4 club!
The quokka barely misses you.
Ijyb zaps a wand.
The bolt of acid misses you.
You barely miss Ijyb. The quokka bites you. Ijyb hits you with a +4 club.
The quokka barely misses you.
You hit Ijyb. You freeze Ijyb. Your headbutt misses Ijyb.
Ijyb is moderately wounded.
Ijyb zaps a wand.
The bolt of acid hits you! The quokka barely misses you.
A jackal comes into view.
Ijyb zaps a wand.
The bolt of acid hits you. The acid corrodes you!
The quokka bites you but does no damage.
You barely miss Ijyb.
Ijyb is moderately wounded.
Ijyb hits you with a +4 club.
* * * LOW HITPOINT WARNING * * *
The quokka bites you.
* * * LOW HITPOINT WARNING * * *
You hit Ijyb. You freeze Ijyb.
Ijyb is severely wounded.
The quokka bites you.
* * * LOW HITPOINT WARNING * * *
Ijyb barely misses you. You furiously retaliate!
You headbutt Ijyb.
The quokka twitches its whiskers.
The quokka bites you but does no damage.
Ijyb closely misses you.
As you read the scroll labelled JIGYR IHED, it dissolves into smoke.
It was a scroll of fog.
The quokka bites you but does no damage.
Ijyb misses you. You furiously retaliate!
You headbutt Ijyb.
It was a potion of mutation.
You feel extremely strange.
You feel your magical essence link to the dungeon's wands.
You feel clumsy.
You feel vulnerable to heat.
You begin to heal more quickly.
The quokka barely misses you. Ijyb hits you with a +4 club.
* * * LOW HITPOINT WARNING * * *
The quokka bites you but does no damage.
It was a potion of brilliance.
You feel clever all of a sudden.
Ijyb zaps a wand.
The bolt of acid hits you!
You die...

# #..# # #g
#..#######.# ..
#........#.# .
#.##.####.....#
.h #....#
#.#.### #.#.##.#
#.#.# ..
#§####.#.#
.(.#.##g§§##.#.#
.# #hhr@#.##.#.#
....h##§#.##.#.#
##.# #§§......#
.. ....#.#.###
##.##.#.# #....
.. ..##.#.#
#.#.# .#
#.##.#.#
##.#.##.##
#.##.#.#
..........
..##.#.#


You could see Ijyb, a quokka and a jackal.

Vanquished Creatures
  Sigmund (D:2)
  3 adders
  An orc (D:3)
  A bat (D:2)
  5 endoplasms
  2 giant cockroaches
  6 goblins
  6 hobgoblins (D:1)
  A quokka (D:2)
  2 ball pythons
  6 kobolds
  6 rats
40 creatures vanquished.

Notes
Turn   | Place    | Note
-------+----------+-------------------------------------------
     0 | D:1      | Fodor the Minotaur Fighter began the quest for the Orb.
     0 | D:1      | Reached XP level 1. HP: 19/19 MP: 0/0
   117 | D:1      | Found a faded altar of an unknown god.
   220 | D:1      | Reached XP level 2. HP: 27/27 MP: 1/1
   432 | D:1      | Found Wotiewk's Weapon Shoppe.
   491 | D:1      | Reached skill level 4 in Armour
  1063 | D:2      | Reached skill level 1 in Maces & Flails
  1063 | D:2      | Reached XP level 3. HP: 31/33 MP: 2/2
  1279 | D:2      | Found Foborybe's Assorted Antiques.
  1288 | D:2      | Bought a scroll labelled QIKEALLA UZUSK for 32 gold pieces
  1411 | D:2      | Noticed Sigmund
  1420 | D:2      | Killed Sigmund
  1421 | D:2      | Reached skill level 5 in Armour
  1421 | D:2      | Reached XP level 4. HP: 41/41 MP: 3/3
  1421 | D:2      | Reached XP level 5. HP: 47/47 MP: 4/4
  1451 | D:2      | Got the Monograph on Mutated Oromancy
  1497 | D:2      | Got the Vellum of the Door
  2099 | D:3      | Noticed Ijyb
  2114 | D:3      | Gained mutation: You expend magic power (3 MP) to
                  | strengthen your wands. [potion of mutation]
  2114 | D:3      | Gained mutation: You are clumsy. (Dex -2) [potion of
                  | mutation]
  2114 | D:3      | Gained mutation: You are vulnerable to heat. (rF-) [potion
                  | of mutation]
  2114 | D:3      | Gained mutation: Your natural rate of healing is unusually
                  | fast. [potion of mutation]
  2115 | D:3      | Killed from afar by Ijyb

Illustrated notes

Levels and vault maps discovered:
D:1:      elethiomel_arrival_infinity_welcomes_careful_drivers, layout_basic,
          serial_shops, nicolae_shop_gibbet_a_chance,
          hellmonk_ecumenical_altar_crossroads
D:2:      layout_basic, serial_shops, shop, uniq_sigmund
D:3:      layout_loops_ring, mainiacjoe_overflow_chevrons, minmay_diced_spiral,
          uniq_ijyb, uniq_terence, uniq_grinder

Skill      XL: |  1  2  3 |
---------------+----------+-----
Armour         | 4 5 |  5.1
Shields        | 4 |  4.3
Fighting       | 4 |  4.8
Maces & Flails | 1 3 |  3.8
Long Blades    | |  2.7
Polearms       | |  0.1
Dodging        | |  0.2
Stealth        | |  0.2

Action                     |  1- 3 |  4- 6 || total
---------------------------+-------+-------++-------
  Melee: Mace              |    62 |       ||    62
         Long sword        |     4 |       ||     4
         Headbutt          |     8 |     2 ||    10
         Halberd           |       |    33 ||    33
    Use: Potion            |       |     2 ||     2
         Scroll            |       |     1 ||     1
 Armour: Scale mail        |    41 |    12 ||    53
         Chain mail        |       |     5 ||     5
  Dodge: Dodged            |    30 |    31 ||    61
  Block: Buckler           |    14 |       ||    14

Table legend: (Time is in decaauts)
 A = Elapsed time spent in this place.
 B = Non-inter-level travel time spent in this place.
 C = Inter-level travel time spent in this place.
 D = Time resting spent in this place.
 E = Time spent auto-exploring this place.
 F = Levels seen in this place.
 G = Mean time per level.
                   A        B        C        D        E       F      G
               +--------+--------+--------+--------+--------+-----+--------+
         Total |   2157 |   1957 |    200 |     89 |      0 |   3 |  719.0 |
       Dungeon |   2157 |   1957 |    200 |     89 |      0 |   3 |  719.0 |
               +--------+--------+--------+--------+--------+-----+--------+

Top non-repeatable levels by time:
     D:2: 938 daAuts
     D:1: 929 daAuts
     D:3: 289 daAuts
